 Dungeon Crawl Stone Soup version 0.22.0-34-g4f65f92 (webtiles) character file.

123 rhythmandbruise the Ruffian (level 4, -14/35 HPs)
             Began as a Draconian Transmuter on Aug 24, 2018.
             Demolished by an ogre
             ... wielding a +0 giant spiked club
              (24 damage)
             ... on level 2 of the Dungeon.
             The game lasted 00:14:44 (2755 turns).

rhythmandbruise the Ruffian (Draconian Transmuter)  Turns: 2755, Time: 00:14:46

Health: -14/35     AC:  5    Str: 12    XL:     4   Next: 79%
Magic:  6/8        EV: 13    Int: 15    God:
Gold:   117        SH:  0    Dex: 11    Spells: 4/8 levels left

rFire    . . .     SeeInvis .   j - +1 hunting sling (curse)
rCold    . . .     Gourm    .   (no shield)
rNeg     . . .     Faith    .   (armour unavailable)
rPois    .         Spirit   .   (helmet restricted)
rElec    .         Reflect  .   (no cloak)
rCorr    .         Harm     .   (no gloves)
MR       .....                  (no boots)
Stlth    +.........             (no amulet)
HPRegen  0.11/turn              (no ring)
MPRegen  0.11/turn              (no ring)

@: no status effects
A: unfitting armour, cold-blooded, AC +5
a: no special abilities


You were on level 2 of the Dungeon.
You were not hungry.

You visited 1 branch of the dungeon, and saw 3 of its levels.

You collected 117 gold pieces.

Inventory:

Hand Weapons
 i - a +0 dagger
 j - a cursed +1 hunting sling (weapon)
 n - a cursed -2 hunting sling
 r - a +0 whip
Missiles
 a - 38 arrows
 e - 26 poisoned needles
 f - 37 bolts
 q - 2 javelins
 s - 81 stones (quivered)
Wands
 k - a wand of disintegration (8)
 m - a wand of clouds (8)
Scrolls
 g - a scroll of enchant armour
 h - 4 scrolls of teleportation
 p - a scroll of enchant weapon
Potions
 b - 2 potions of agility {unknown}
 d - a potion of ambrosia {unknown}
 l - a potion of lignification {unknown}
 o - a potion of invisibility {unknown}
 u - 2 potions of flight {unknown}
 v - a potion of haste {unknown}
Comestibles
 c - 5 rations
 t - 3 chunks of flesh


   Skills:
 - Level 1.1 Fighting
 + Level 2.8 Dodging
 + Level 3.8 Unarmed Combat
 + Level 2.9 Spellcasting
 + Level 2.9 Transmutations


You had 4 spell levels left.
You knew the following spells:

 Your Spells              Type           Power        Failure   Level  Hunger
a - Beastly Appendage     Tmut           ##....       6%          1    #......
b - Spider Form           Tmut/Pois      #.........   32%         3    ###....

Your spell library contained the following spells:

 Spells                   Type           Power        Failure   Level  Hunger
 Sticks to Snakes         Tmut           ##......     9%          2    ##.....
 Ice Form                 Ice/Tmut       #.......     73%         4    #####..
 Blade Hands              Tmut           ##........   86%         5    ######.


Dungeon Overview and Level Annotations

Branches:
Dungeon (3/15)

Altars:
Ashenzari
Makhleb
Xom
Zin


Innate Abilities, Weirdness & Mutations

Your plain brown scales are hard. (AC +5)
You cannot fit into any form of body armour.
You are cold-blooded and may be slowed by cold attacks.


Message History

You hit the ogre.
The ogre is lightly wounded.
The ogre completely misses you.
You completely miss the ogre.
The ogre is lightly wounded.
The ogre barely misses you.
You hit the ogre but do no damage.
The ogre is lightly wounded.
You bite the ogre!
The ogre is poisoned.
The ogre is moderately wounded.
The ogre hits you with a giant spiked club!!
Ouch! That really hurt!
* * * LOW HITPOINT WARNING * * *
You hit the ogre.
The ogre looks as sick as possible!
The ogre is heavily wounded.
Your transformation has ended.
Your cursed +1 hunting sling unmelds from your body.
The ogre hits you with a giant spiked club!!
Ouch! That really hurt!
You die...

.#.# #.# #.# #.#
#.# #.##. .#.#
#.###.###.# #.#
#.##. .#.#
#.........# #.#
#.##. .#.#
#########§#
#.######.##. .#.#
#.# #........)..
.#.##############.#
#..#####.###
#..............S..#
#..# #.#
##.############O###
#..# #.# #....####
##.@# #..# #.#
.#.####∩## ##...#
#..# #.# .#.#
#._.## #....# #..#
#.# .#.#
#..†.###....# #..#
#.# .#.#
##...##...### #..#
#.# .#.# ##.###..##
#..# #.# ##.#
###..#..## #..# #.#
##.###.##...## #).#
#.# #....#..##.##
#..#####.###


You could see an ogre and an adder.

Vanquished Creatures
  A hound (D:2)
  5 adders
  A dart slug (D:2)
  A leopard gecko (D:1)
  8 bats
  2 giant cockroaches (D:1)
  7 goblins
  6 hobgoblins
  A ball python (D:1)
  A frilled lizard (D:2)
  6 kobolds
  7 rats
46 creatures vanquished.

Vanquished Creatures (others)
  A bat (D:1)
  A hobgoblin (D:1)
  A rat (D:1)
3 creatures vanquished.

Grand Total: 49 creatures vanquished

Notes
Turn   | Place    | Note
-------+----------+-------------------------------------------
     0 | D:1      | rhythmandbruise the Draconian Transmuter began the quest for the Orb.
     0 | D:1      | Reached XP level 1. HP: 16/16 MP: 3/3
   160 | D:1      | Reached XP level 2. HP: 18/23 MP: 3/5
   851 | D:2      | Reached XP level 3. HP: 28/28 MP: 6/6
   934 | D:2      | Found a shattered altar of Ashenzari.
  1084 | D:2      | Found a burning altar of Makhleb.
  1099 | D:2      | Reached XP level 4. HP: 16/35 MP: 7/7
  1247 | D:2      | Found a burning altar of Makhleb.
  1247 | D:2      | Found a shimmering altar of Xom.
  1395 | D:2      | Found a glowing silver altar of Zin.
  2461 | D:3      | Noticed an ogre
  2542 | D:3      | Learned a level 3 spell: Spider Form
  2755 | D:2      | Demolished by an ogre

Skill      XL: |  1 |
---------------+----+-----
Dodging        | 2 |  2.8
Fighting       | |  1.1
Unarmed Combat | |  3.8
Spellcasting   | |  2.9
Transmutations | |  2.9

Action                   |  1- 3 |  4- 6 || total
-------------------------+-------+-------++-------
Melee: Unarmed           |    96 |    91 ||   187
       Tailslap          |     6 |    19 ||    25
       Headbutt          |     5 |     6 ||    11
       Kick              |     1 |    15 ||    16
       Punch             |     1 |     2 ||     3
       Hunting sling     |       |   113 ||   113
 Fire: Hunting sling     |       |    19 ||    19
Throw: Javelin           |       |     9 ||     9
 Cast: Beastly Appendage |     8 |    21 ||    29
       Spider Form       |       |     3 ||     3
  Use: Scroll            |       |     3 ||     3
 Stab: Sleeping          |     1 |       ||     1
  Eat: Chunk             |     1 |     4 ||     5
       Ration            |       |     1 ||     1
Armor: Skin              |    38 |    83 ||   121
Dodge: Dodged            |    65 |   151 ||   216
